 Dungeon Crawl Stone Soup version 0.31-a0-325-g067879e3d3 (webtiles) character file.

Game seed: 17432981813546024394

225 Dittersdorf the Shield-Bearer (level 6, -1/39 HPs)
             Began as a Gargoyle Fighter on July 18, 2023.
             Killed by divine providence
             ... invoked by an orc priest
              (15 damage)
             ... on level 4 of the Dungeon.
             The game lasted 00:03:00 (2941 turns).

Dittersdorf the Shield-Bearer (Gargoyle Fighter)    Turns: 2941, Time: 00:03:01

Health: -1/39      AC: 11    Str: 21    XL:     6   Next: 1%
Magic:  15/15      EV: 10    Int:  9    God:
Gold:   97         SH:  4    Dex:  9    Spells: 5/5 levels left

rFire   . . .        a - +0 flail
rCold   . . .        c - +0 buckler
rNeg    + + .        h - +2 leather armour {rN+}
rPois   ∞            (no helmet)
rElec   +            q - +0 cloak
rCorr   .            (no gloves)
SInv    .            (no boots)
Will    .....        v - amulet of the acrobat
Stlth   +            k - ring of magical power
HPRegen 0.26/turn    (no ring)
MPRegen 0.14/turn

%: acrobat
@: no status effects
A: sickness immunity, AC +4, negative energy resistance 1, electricity
resistance, torment resistance 1, petrification resistance
a: no special abilities


You were on level 4 of the Dungeon.
You visited 1 branch of the dungeon, and saw 4 of its levels.

You collected 97 gold pieces.

Inventory:

Hand Weapons
 a - a +0 flail (weapon)
Missiles
 r - 14 poisoned darts (quivered)
Armour
 b - a +0 scale mail
 c - a +0 buckler (worn)
 h - a +2 leather armour of positive energy (worn)
 j - a +0 plate armour
 q - a +0 cloak (worn)
Jewellery
 k - a ring of magical power (left hand)
 v - an amulet of the acrobat (around neck)
Scrolls
 f - a scroll of vulnerability {unknown}
 g - a scroll of enchant weapon {unknown}
 l - 2 scrolls of teleportation
 m - a scroll of fog {unknown}
 o - a scroll of revelation {unknown}
 w - 2 scrolls of poison {unknown}
Potions
 d - a potion of might
 e - a potion of lignification {unknown}
 i - a potion of degeneration {unknown}
 n - 2 potions of magic {unknown}
 p - 2 potions of haste {unknown}
 s - a potion of heal wounds {unknown}
 t - a potion of mutation


   Skills:
 + Level 4.5 Fighting
 + Level 3.4 Maces & Flails
 + Level 4.5 Armour
 + Level 4.5 Shields


You had 5 spell levels left.
You didn't know any spells.
Your spell library contained the following spells:

 Spells                   Type           Power      Damage    Failure   Level
 Sting                    Tmut/Pois      0%         1d3       50%         1
 Inner Flame              Hex/Fire       0%         N/A       86%         3
 Yara's Violent Unravell  Hex/Tmut       0%         3d3       100%        5
 Enfeeble                 Hex            0%         N/A       100%        7


Dungeon Overview and Level Annotations

Branches:
Dungeon (4/15)
 Temple: D:4-7

Altars:


Innate Abilities, Weirdness & Mutations

You are immune to sickness and miasma.
Your stone body is resilient. (AC +4)
You are immune to poison.
You resist negative energy. (rN+)
You are resistant to electric shocks. (rElec)
You are resistant to unholy torment.
You are immune to petrification.


Message History

You barely miss the orc wizard.
The orc wizard hits you but does no damage.
The orc priest hits you but does no damage.
The orc priest calls down the wrath of Beogh upon you.
Beogh smites you! You block the orc's attack.
The orc priest closely misses you.
The orc wizard hits you but does no damage.
The orc hits you with a +0 club. The orc priest barely misses you.
You are too injured to fight recklessly!
You are too injured to fight recklessly!
You are too injured to fight recklessly!
You are too injured to fight recklessly!
You are too injured to fight recklessly!
You are too injured to fight recklessly!
You are too injured to fight recklessly!
You are too injured to fight recklessly!
You are too injured to fight recklessly!
You are too injured to fight recklessly!
You are too injured to fight recklessly!
You are too injured to fight recklessly!
You are too injured to fight recklessly!
You are too injured to fight recklessly!
You are too injured to fight recklessly!
You are too injured to fight recklessly!
You are too injured to fight recklessly!
You are too injured to fight recklessly!
You barely miss the orc priest.
The orc priest hits you but does no damage.
You closely miss the orc priest.
The orc priest casts a cantrip, but nothing happens.
The orc priest misses you.
You completely miss the orc priest. The orc priest barely misses you.
You sock the orc priest!
The orc priest is severely wounded.
The orc priest hits you but does no damage.
The orc priest calls upon Beogh to heal the orc priest.
The orc priest is healed somewhat.
The orc priest calls down the wrath of Beogh upon you.
Beogh smites you!
You die...

......## #..# ##
...)...# ...# ###..
.......# ...###...:.
....#..######...........
....#.......#...........
........................
#.....#####....oo......
###..## #..oo## ..
##..## #####@#.# #..##
####.....# ..##
####.#......#
..#####.....#†....#
.###.#......#......#
#.....#.....#.....##
......#......#.###.#
#.....#.....###.....#
#......#.###.#... ..#


You could see 2 orc priests and an orc.

Vanquished Creatures
  2 scorpions
  6 adders
  2 worms (D:3)
  2 orcs (D:4)
  A bat (D:2)
  3 endoplasms (D:1)
  3 giant cockroaches (D:1)
  A goblin (D:1)
  6 hobgoblins
  2 jackals (D:2)
  6 kobolds
  3 quokkas
  7 ball pythons
  A frilled lizard (D:1)
  20 rats
65 creatures vanquished.

Notes
Turn   | Place    | Note
-------+----------+-------------------------------------------
     0 | D:1      | Dittersdorf the Gargoyle Fighter began the quest for the
                  | Orb.
     0 | D:1      | Reached XP level 1. HP: 14/14 MP: 1/1
   138 | D:1      | Reached XP level 2. HP: 18/19 MP: 2/2
   172 | D:1      | Found a faded altar of an unknown god.
   180 | D:1      | Got Plato's Compilation of Teratogeny
  1078 | D:2      | Reached XP level 3. HP: 23/23 MP: 3/3
  1868 | D:3      | Reached XP level 4. HP: 23/29 MP: 4/4
  2418 | D:3      | Noticed a scorpion
  2434 | D:3      | Killed a scorpion
  2435 | D:3      | Reached XP level 5. HP: 27/33 MP: 5/5
  2923 | D:4      | Reached XP level 6. HP: 39/39 MP: 6/6
  2941 | D:4      | Killed from afar by an orc priest

Illustrated notes

Levels and vault maps discovered:
D:1:      wheals_arrival_linesprint, layout_basic,
          shapermc_ecumenical_altar_rom_forum, st_stairs_7, minmay_unequal
D:2:      layout_basic, nicolae_eternal_life, minmay_rat_hole
D:3:      layout_basic
D:4:      nicolae_BIG_FREAKIN_CUBE, layout_cave_pods,
          minmay_temple_entry_stoned_glass, kennysheep_generic_room_11,
          uniq_natasha

Skill      XL: |  1  2  3  4 |
---------------+-------------+-----
Fighting       | 4 |  4.5
Shields        | 4 |  4.5
Armour         | 4 |  4.5
Maces & Flails | 3 |  3.4

Action                     |  1- 3 |  4- 6 || total
---------------------------+-------+-------++-------
  Melee: Flail             |   162 |   117 ||   279
    Use: Scroll            |       |     3 ||     3
 Armour: Scale mail        |    17 |       ||    17
         Leather armour    |    78 |    71 ||   149
  Dodge: Dodged            |   126 |    63 ||   189
  Block: Buckler           |    34 |    30 ||    64

Table legend: (Time is in decaauts)
 A = Elapsed time spent in this place.
 B = Non-inter-level travel time spent in this place.
 C = Inter-level travel time spent in this place.
 D = Time resting spent in this place.
 E = Time spent auto-exploring this place.
 F = Levels seen in this place.
 G = Mean time per level.
                   A        B        C        D        E       F      G
               +--------+--------+--------+--------+--------+-----+--------+
         Total |   3024 |   2794 |    230 |    148 |   2028 |   4 |  756.0 |
       Dungeon |   3024 |   2794 |    230 |    148 |   2028 |   4 |  756.0 |
               +--------+--------+--------+--------+--------+-----+--------+

Top non-repeatable levels by time:
     D:3: 1019 daAuts
     D:1: 1012 daAuts
     D:2: 805 daAuts
     D:4: 186 daAuts
